 Dungeon Crawl Stone Soup version 0.27.1-1-g398f81649c (webtiles) character file.

Game seed: 13195433137376415441

267 Squid the Conjurer (level 6, 27/36 HPs)
             Began as a Felid Conjurer on Sept 14, 2021.
             Quit the game on level 4 of the Dungeon.
             The game lasted 00:27:52 (4868 turns).

Squid the Conjurer (Felid Conjurer)                 Turns: 4868, Time: 00:27:52

Health: 27/36      AC: 23    Str:  3    XL:     6   Next: 0%
Magic:  1/13       EV:  4    Int: 21    God:
Gold:   283        SH:  0    Dex: 15    Spells: 12/13 levels left
                                        Lives:  0   Deaths: 1

rFire    . . .     SeeInvis +     - Unarmed
rCold    + . .     Faith    .   (shield unavailable)
rNeg     + + +     Spirit   .   (armour unavailable)
rPois    +         Reflect  .   (helmet unavailable)
rElec    .         Harm     .   (cloak unavailable)
rCorr    .         Rampage  .   (gloves unavailable)
Will     .....     NoTele   +   (boots unavailable)
Stlth    ++........             (no amulet)
HPRegen  1.12/turn              f - +4 ring of evasion
MPRegen  0.13/turn              g - ring of protection from cold

@: tree-form
A: stationary, stasis, torment immunity, boosted hp, very small, (claws 1),
(fangs 3), see invisible, (speed 1), (shaggy fur 2), (stealthy paws), no weapons
or thrown items, no armour, multi-lived, (antennae 2), regeneration 1, inability
to read while threatened
a: no special abilities


You were on level 4 of the Dungeon.
You were a tree.
You visited 1 branch of the dungeon, and saw 4 of its levels.

You collected 283 gold pieces.

Inventory:

Hand Weapons
 a - a +0 trident
Armour
 b - a +1 robe
Jewellery
 f - a +4 ring of evasion (left branch)
 g - a ring of protection from cold (right branch)
 j - a ring of poison resistance
Scrolls
 c - a scroll of amnesia
 d - 2 scrolls of immolation
 h - a scroll of identify
Potions
 i - a potion of might


   Skills:
 + Level 0.1 Fighting
 + Level 3.3 Dodging
 + Level 3.4 Stealth
 + Level 1.0 Unarmed Combat
 + Level 4.4 Spellcasting
 + Level 5.3 Conjurations
 + Level 0.4 Evocations


You had 12 spell levels left.
You knew the following spells:

 Your Spells              Type           Power      Damage    Failure   Level
a - Magic Dart            Conj           100%       1d8       1%          1

Your spell library contained the following spells:

 Spells                   Type           Power      Damage    Failure   Level
 Searing Ray              Conj           54%        3d5       1%          2
 Static Discharge         Conj/Air       15%        N/A       6%          2
 Dazzling Flash           Conj/Hex       30%        N/A       12%         3
 Call Canine Familiar     Summ           4%         N/A       34%         3
 Fulminant Prism          Conj/Hex       7%         3d7       36%         4
 Iskenderun's Mystic Bla  Conj/Tloc      15%        2d5       36%         4
 Lightning Bolt           Conj/Air       7%         1d20      71%         5
 Leda's Liquefaction      Hex/Erth       2%         N/A       75%         4
 Maxwell's Capacitive Co  Air            2%         ∞         100%        8
 Portal Projectile        Hex/Tloc       Unusable   N/A       N/A         3

Dungeon Overview and Level Annotations

Branches:
Dungeon (4/15)             Temple (0/1) D:4

Altars:
Yredelemnul

Shops:
D:1 [


Innate Abilities, Weirdness & Mutations

You are a tree.
Your roots penetrate the ground, keeping you stationary.
You cannot be teleported.
You are immune to unholy pain and torment.
Your maximum health is greatly increased.
((You have sharp claws.))
((You have razor-sharp teeth.))
You have supernaturally acute eyesight. (SInv)
((You cover ground quickly. (Speed+)))
((You are covered in thick fur. (AC +2)))
((Your paws help you pounce on unaware monsters.))
You are incapable of wielding weapons or throwing items.
You cannot wear armour.
You gain extra lives every three experience levels.
((You have a pair of antennae on your head.))
Your natural rate of healing is unusually fast.
You sometimes lose the ability to read scrolls when taking damage.


Message History

You cannot move.
Unknown command.
Unknown command.
You cannot move.
You cannot move.
You cannot move.
You cannot move.
You cannot move.
You cannot move.
You cannot move.
You cannot move.
You cannot move.
You cannot move.
You cannot move.
You cannot move.
You cannot move.
You cannot move.
You cannot move.
You cannot move.
You cannot move.
You cannot move.
You cannot move.
You cannot move.
You cannot move.
You can't remove your fur, sorry.
You can't remove your fur, sorry.
What are your orders? t - Creak!
Orders for allies: a - Attack new target. r - Retreat! s - Stop attacking. g - Guard the area. f - Follow me.
Anything else - Cancel.
Okay, then.
You can't remove your fur, sorry.
You can't remove your fur, sorry.
You don't have any such object.
Remove which piece of jewellery? (? for menu, Esc to quit)
Okay, then.
Unknown command.
Are you sure you want to abandon this character and quit the game? (Confirm with "yes".)

..####..## #..# #...#
##.... ##.# #.#.#
#..... ##.###.#.##
#...$. ....#.(#..###
##....
###.).###...###...##
###.# ###.#.[..<.##
#####.####..[.......#
#.....##...[#...♣...#
.................)..#
........###........##
######## ####.....#
#.......# #.......#
#.......# ##.....##
##...##


There were no monsters in sight!

Vanquished Creatures
  A bullfrog (D:4)
  2 jellies (D:3)
  2 orc priests
  A scorpion zombie (D:3)
  4 adders
  3 gnolls (D:4)
  2 worms
  3 dart slugs
  8 orcs
  A bat (D:3)
  16 endoplasms
  3 giant cockroaches (D:1)
  8 goblins
  3 hobgoblins
  5 jackals (D:3)
  3 quokkas
  12 ball pythons
  A frilled lizard (D:1)
  A jackal zombie (D:3)
  17 kobolds
  5 rats
101 creatures vanquished.

Vanquished Creatures (others)
  5 fungi (D:3)
  5 toadstools (D:3)
10 creatures vanquished.

Grand Total: 111 creatures vanquished

Notes
Turn   | Place    | Note
-------+----------+-------------------------------------------
     0 | D:1      | Squid the Felid Conjurer began the quest for the Orb.
     0 | D:1      | Reached XP level 1. HP: 7/7 MP: 4/4
    48 | D:1      | Found Hehykk Izoc's Armour Emporium.
   183 | D:1      | Reached skill level 4 in Conjurations
   183 | D:1      | Reached XP level 2. HP: 11/11 MP: 1/6
  1160 | D:1      | Reached XP level 3. HP: 14/14 MP: 5/7
  1661 | D:2      | Found a faded altar of an unknown god.
  1679 | D:2      | Found a faded altar of an unknown god.
  2568 | D:3      | Reached XP level 4. HP: 18/18 MP: 2/8
  2591 | D:3      | Gained mutation: You have a pair of small antennae on your
                  | head. [potion of mutation]
  2591 | D:3      | Gained mutation: You sometimes lose the ability to read
                  | scrolls when taking damage. [potion of mutation]
  2591 | D:3      | Gained mutation: Your natural rate of healing is unusually
                  | fast. [potion of mutation]
  2591 | D:3      | Gained mutation: You have a pair of antennae on your head.
                  | [potion of mutation]
  3309 | D:3      | Reached XP level 5. HP: 21/21 MP: 1/10
  3389 | D:3      | Reached skill level 5 in Conjurations
  3725 | D:3      | Found a basalt altar of Yredelemnul.
  3786 | D:3      | Found Mofum's Magic Scroll Shop.
  4563 | D:4      | Found a staircase to the Ecumenical Temple.
  4596 | D:4      | Slain by an orc priest
  4597 | D:4      | Reached XP level 4. HP: -3/18 MP: 1/11
  4666 | D:4      | Reached XP level 5. HP: 18/21 MP: 9/12
  4692 | D:4      | Identified the +8 war axe "Getrausil" {drain, *Corrode
                  | rPois Int+6}
  4768 | D:4      | Reached skill level 1 in Unarmed Combat
  4868 | D:4      | Gained mutation: You are covered in thick fur. (AC +2)
                  | [Felid growth]
  4868 | D:4      | Reached XP level 6. HP: 24/24 MP: 1/13
  4868 | D:4      | Quit the game

Illustrated notes

Levels and vault maps discovered:
D:1:      sevenhm_arrival_forest_fort_small_4, layout_loops_cross, serial_shops,
          nicolae_shop_stone
D:2:      wad_pebble_path, layout_basic,
          hellmonk_ecumenical_altar_the_god_not_taken
D:3:      cheibrodos_fertilizer, layout_loops_cross,
          lemuel_zombie_altar_yredelemnul, serial_shops,
          nicolae_shop_waterfront, minmay_joined_circles
D:4:      layout_rooms, mainiacjoe_overflow_six_doors_small,
          minmay_temple_entry_offerings, uniq_crazy_yiuf_cottage

Skill      XL: |  1  2  3  4  5 |
---------------+----------------+-----
Conjurations   | 4 5 |  5.3
Stealth        | 3 |  3.4
Dodging        | 3 |  3.3
Spellcasting   | 4 |  4.4
Unarmed Combat | 1 |  1.0
Fighting       | |  0.1
Evocations     | |  0.4

Action                   |  1- 3 |  4- 6 || total
-------------------------+-------+-------++-------
Melee: Unarmed           |    24 |    23 ||    47
       Bite              |     1 |     3 ||     4
 Cast: Magic Dart        |    87 |   148 ||   235
Evoke: Wand              |       |    15 ||    15
  Use: Scroll            |     3 |     4 ||     7
       Potion            |       |     8 ||     8
Armor: Skin              |     2 |    12 ||    14
Dodge: Dodged            |    25 |   138 ||   163
